 Dungeon Crawl Stone Soup version 0.25-a0-42-g6c54e25894 (webtiles) character file.

Game seed: 13421139772920034747, levelgen mode: deterministic

49 Napalmbreeze the Ruffian (level 3, -2/32 HPs)
             Began as a Naga Transmuter on Oct 23, 2019.
             Slain by a gnoll
             ... wielding a +0 flail
              (9 damage)
             ... on level 2 of the Dungeon.
             The game lasted 00:04:13 (1464 turns).

Napalmbreeze the Ruffian (Naga Transmuter)          Turns: 1464, Time: 00:04:14

Health: -2/32      AC:  3    Str: 12    XL:     3   Next: 75%
Magic:  3/6        EV: 10    Int: 14    God:
Gold:   71         SH:  0    Dex: 11    Spells: 3/6 levels left

rFire    . . .     SeeInvis +     - Unarmed
rCold    . . .     Gourm    .   (no shield)
rNeg     . . .     Faith    .   b - +0 robe
rPois    +         Spirit   .   g - +0 helmet
rElec    .         Reflect  .   (no cloak)
rCorr    .         Harm     .   (no gloves)
MR       .....                  (no barding)
Stlth    +.........             (no amulet)
HPRegen  0.10/turn              (no ring)
MPRegen  0.10/turn              (no ring)

@: very slow
A: large, see invisible, deformed body, poison resistance, slowness 2, slow
metabolism 1, spit poison 1, AC +1
a: Spit Poison


You were on level 2 of the Dungeon.
You were very hungry.

You visited 1 branch of the dungeon, and saw 2 of its levels.

You collected 71 gold pieces.

Inventory:

Missiles
 a - 9 arrows
Armour
 b - a +0 robe (worn)
 g - a +0 helmet (worn)
 k - a +0 leather armour
Scrolls
 f - 2 scrolls of magic mapping {unknown}
 h - a scroll of enchant weapon {unknown}
 i - a scroll of identify {unknown}
Potions
 c - 3 potions of haste {unknown}
 e - 2 potions of curing {unknown}
 j - a potion of might {unknown}
Comestibles
 d - 3 rations


   Skills:
 * Level 2.2 Fighting
 - Level 1.5 Dodging
 + Level 3.3 Unarmed Combat
 + Level 2.3 Spellcasting
 + Level 2.4 Transmutations


You had 3 spell levels left.
You knew the following spells:

 Your Spells              Type           Power        Failure   Level  Hunger
a - Beastly Appendage     Tmut           #.....       9%          1    #......
s - Sticks to Snakes      Tmut           #.......     13%         2    ###....

Your spell library contained the following spells:

 Spells                   Type           Power        Failure   Level  Hunger
 Spider Form              Tmut/Pois      #.........   38%         3    ###....
 Ice Form                 Ice/Tmut       #.......     80%         4    #####..
 Blade Hands              Tmut           #.........   93%         5    ######.


Dungeon Overview and Level Annotations

Branches:
Dungeon (2/15)

Altars:
Vehumet


Innate Abilities, Weirdness & Mutations

You cannot wear boots.
Your serpentine skin is tough. (AC +1)
You have supernaturally acute eyesight. (SInv)
Armour fits poorly on your strangely shaped body.
Your system is resistant to poisons. (rPois)
You cover ground very slowly.
You have a slow metabolism.
You can spit poison.


Message History

You kill the gnoll!
You are feeling very hungry.
Unknown command.
You closely miss the gnoll.
Your ball python bites the gnoll but does no damage.
Your ball python grabs the gnoll.
Your ball python constricts the gnoll.
Your ball python barely misses the gnoll.
The gnoll hits you with a +0 flail!
* * * LOW HITPOINT WARNING * * *
Unknown command.
You hit the gnoll.
The gnoll is lightly wounded.
Your ball python bites the gnoll but does no damage.
Your ball python constricts the gnoll.
Your ball python bites the gnoll. x2
Your ball python constricts the gnoll.
Your ball python bites the gnoll.
Unknown command.
You hit the gnoll but do no damage.
The gnoll is heavily wounded.
The gnoll hits you with a +0 flail!
You die...

. # ###.### .#
. #. #.# ..# #
#.# #.###.##..#
#.##..........
#.###.####.#
#.)(## ##.##
##(.(##
##...@g##
#....SS.#
#....._.....#
...#.......#.#
#####.....##...
##...## ...g
##.## ## ..#
####


You could see a gnoll and 2 friendly ball pythons.

Vanquished Creatures
  2 gnolls (D:2)
  An adder (D:2)
  A dart slug (D:1)
  2 leopard geckos
  A bat (D:1)
  2 hobgoblins (D:2)
  2 jackals (D:1)
  A frilled lizard (D:1)
  2 goblins (D:1)
  4 kobolds
  2 rats
20 creatures vanquished.

Vanquished Creatures (collateral kills)
  A quokka (D:2)
  A kobold (D:2)
2 creatures vanquished.

Grand Total: 22 creatures vanquished

Notes
Turn   | Place    | Note
-------+----------+-------------------------------------------
     0 | D:1      | Napalmbreeze the Naga Transmuter began the quest for the
                  | Orb.
     0 | D:1      | Reached XP level 1. HP: 18/18 MP: 3/3
   113 | D:1      | Reached XP level 2. HP: 3/25 MP: 5/5
  1085 | D:2      | Learned a level 2 spell: Sticks to Snakes
  1100 | D:2      | Found a radiant altar of Vehumet.
  1106 | D:2      | Reached XP level 3. HP: 19/32 MP: 6/6
  1464 | D:2      | Slain by a gnoll

Levels and vault maps discovered:
D:1:      dpeg_arrival_solitude, layout_loops_ring, minmay_pentomino_r4
D:2:      wad_crossroads, layout_loops_ring, marbit_many_paths,
          lemuel_round_altar, chequers_ecumenical_altar_simple, first_ration

Skill      XL: |  1  2 |
---------------+-------+-----
Fighting       | 2 |  2.2
Dodging        | |  1.5
Unarmed Combat | |  3.3
Spellcasting   | |  2.3
Transmutations | |  2.4

Action                   || total
-------------------------++-------
Melee: Unarmed           ||    60
 Cast: Sticks to Snakes  ||     3
 Abil: Spit Poison       ||     2
Armor: Robe              ||    17
Dodge: Dodged            ||    34

Table legend:
 A = Non-vault XP
 B = Vault XP
 C = Vault XP percentage of total XP
 D = Non-vault monster count
 E = Vault monster count
 F = Vault count percentage of total count
                 A         B        C        D         E       F
            +---------+---------+-------+---------+---------+-------
      Total |      59 |      11 |  15.7 |      17 |       5 |  22.7
            +---------+---------+-------+---------+---------+-------
        D:1 |      16 |       6 |  27.3 |       9 |       3 |  25.0
        D:2 |      43 |       5 |  10.4 |       8 |       2 |  20.0
            +---------+---------+-------+---------+---------+-------
